 Dungeon Crawl Stone Soup version 0.27-a0-1219-g958d993ae5 (webtiles) character file.

Game seed: 8128313816567078051

856 Shayle the Skirmisher (level 8, -4/87 HPs)
             Began as an Ogre Warper on June 7, 2021.
             Slain by an iguana (8 damage)
             ... on level 5 of the Dungeon.
             The game lasted 00:22:57 (7840 turns).

Shayle the Skirmisher (Ogre Warper)                 Turns: 7840, Time: 00:22:58

Health: -4/87      AC:  3    Str: 16    XL:     8   Next: 2%
Magic:  11/11      EV: 10    Int: 16    God:
Gold:   245        SH:  0    Dex:  8    Spells: 11/11 levels left

rFire    . . .     SeeInvis .   n - +3 falchion (elec)
rCold    . . .     Faith    .   (no shield)
rNeg     . . .     Spirit   .   b - +0 robe
rPois    .         Reflect  .   (helmet restricted)
rElec    .         Harm     .   (no cloak)
rCorr    .         Rampage  .   (gloves unavailable)
Will     .....                  (boots unavailable)
Stlth    +.........             (no amulet)
HPRegen  0.24/turn              (no ring)
MPRegen  0.12/turn              (no ring)

@: no status effects
A: large, unfitting armour, tough skin 1
a: no special abilities


You were on level 5 of the Dungeon.
You visited 1 branch of the dungeon, and saw 5 of its levels.

You collected 245 gold pieces.

Inventory:

Hand Weapons
 a - a +0 spear
 d - a +0 trident
 f - a +2 whip of freezing
 j - a +1 whip of venom
 n - a +3 falchion of electrocution (weapon)
Armour
 b - a +0 robe (worn)
Scrolls
 c - a scroll of fear {unknown}
 e - 3 scrolls of vulnerability
 g - 2 scrolls of identify
 h - a scroll of enchant armour {unknown}
Potions
 i - a potion of degeneration
 m - 2 potions of curing {unknown}
 o - a potion of mutation {unknown}
 p - 2 potions of berserk rage {unknown}


   Skills:
 + Level 7.1 Fighting
 + Level 5.3 Polearms
 - Level 1.0 Throwing
 + Level 5.0 Dodging
 - Level 2.4 Spellcasting
 - Level 2.6 Translocations


You had 11 spell levels left.
You didn't know any spells.
Your spell library contained the following spells:

 Spells                   Type           Power      Damage    Failure   Level
 Blink                    Tloc           N/A        N/A       10%         2
 Animate Skeleton         Necr           2%         N/A       21%         1
 Corona                   Hex            1%         N/A       21%         1
 Pain                     Necr           4%         1d4       21%         1
 Summon Small Mammal      Summ           4%         N/A       21%         1
 Gell's Gravitas          Tloc           5%         N/A       21%         3
 Lesser Beckoning         Tloc           5%         N/A       21%         3
 Teleport Other           Tloc           10%        N/A       21%         3
 Call Imp                 Summ           1%         N/A       30%         2
 Slow                     Hex            1%         N/A       30%         2
 Portal Projectile        Hex/Tloc       12%        N/A       34%         3
 Call Canine Familiar     Summ           1%         N/A       52%         3
 Confusing Touch          Hex            1%         N/A       52%         3
 Inner Flame              Hex/Fire       1%         N/A       52%         3
 Summon Guardian Golem    Hex/Summ       1%         N/A       52%         3
 Vampiric Draining        Necr           0%         2d6       52%         3
 Manifold Assault         Tloc           10%        N/A       88%         5
 Animate Dead             Necr           0%         N/A       89%         4
 Cause Fear               Hex            0%         N/A       89%         4
 Leda's Liquefaction      Hex/Erth       0%         N/A       89%         4
 Petrify                  Tmut/Erth      1%         N/A       89%         4
 Summon Ice Beast         Ice/Summ       1%         N/A       89%         4
 Summon Lightning Spire   Summ/Air       1%         N/A       89%         4
 Agony                    Necr           1%         N/A       99%         5
 Metabolic Englaciation   Hex/Ice        0%         N/A       99%         5
 Yara's Violent Unravell  Hex/Tmut       0%         3d3       99%         5


Dungeon Overview and Level Annotations

Branches:
Dungeon (5/15)
 Temple: D:4-7

Altars:
Ashenzari

Annotations:
D:3 1 runed translucent door, zarzak's ghost, amateur DgFi


Innate Abilities, Weirdness & Mutations

You are too large for most types of armour.
You have tough skin. (AC +1)


Message History

Something hits you. Something shocks you.
You closely miss something. Something hits you but does no damage.
You hit something. Something hits you. Something shocks you.
Something hits you. Something shocks you.
You hit something.
A sky beast appears from thin air!
Reactivating autopickup.
The sky beast closely misses you.
You hit the sky beast but do no damage.
The sky beast looks even sicker.
The sky beast is almost dead.
The sky beast hits you. The sky beast shocks you.
You closely miss the sky beast.
The sky beast is almost dead.
The sky beast hits you. The sky beast shocks you.
* * * LOW HITPOINT WARNING * * *
You kill the sky beast!
Your Fighting skill increases to level 7!
Your Dodging skill increases to level 5!
You have reached level 8!
Your +1 whip of venom stops dripping with poison.
You hear the crackle of electricity.
n - a +3 falchion of electrocution (weapon)
You hit the iguana but do no damage. The iguana bites you.
* * * LOW HITPOINT WARNING * * *
The iguana bites you but does no damage.
You closely miss the iguana. The iguana bites you!
* * * LOW HITPOINT WARNING * * *
You barely miss the iguana. The iguana barely misses you.
The iguana hisses menacingly.
You see here a +0 hunting sling.
The iguana bites you!
* * * LOW HITPOINT WARNING * * *
Okay, then.
You don't know any spells.
You hit the iguana.
The iguana is moderately wounded.
The iguana closely misses you.
You hit the iguana.
The iguana is moderately wounded.
The iguana bites you!
You die...

#.# #.# #.# #.#
#.#
#.##########...
#.#........((..
#.#l########(..
#.#@#
#.#.#######
#..........
###.####### #.#
#.# #.# #.# #.#


You could see an iguana.

Vanquished Creatures
  A sky beast (D:5)
  An ogre (D:4)
  A phantom (D:2)
  A scorpion (D:4)
  A water moccasin skeleton (D:4)
  2 jellies (D:3)
  A hound (D:4)
  2 orc priests
  A centaur skeleton (D:4)
  Jessica (D:3)
  Terence (D:2)
  2 orc wizards (D:4)
  Natasha (D:2)
  2 gnolls
  5 adders
  An adder skeleton (D:4)
  A worm (D:4)
  3 dart slugs
  11 orcs
  7 bats
  18 endoplasms
  12 goblins
  8 hobgoblins
  4 jackals (D:1)
  10 kobolds
  2 quokkas
  12 ball pythons
  4 frilled lizards
  4 rats
120 creatures vanquished.

Vanquished Creatures (others)
  8 fungi (D:3)
  9 toadstools (D:3)
17 creatures vanquished.

Grand Total: 137 creatures vanquished

Notes
Turn   | Place    | Note
-------+----------+-------------------------------------------
     0 | D:1      | Shayle the Ogre Warper began the quest for the Orb.
     0 | D:1      | Reached XP level 1. HP: 22/22 MP: 3/3
   201 | D:1      | Reached skill level 3 in Fighting
   236 | D:1      | Reached XP level 2. HP: 26/31 MP: 5/5
  1177 | D:1      | Reached XP level 3. HP: 37/37 MP: 6/6
  1633 | D:2      | Noticed Natasha
  1738 | D:2      | Found a faded altar of an unknown god.
  2001 | D:2      | Noticed Terence
  2018 | D:2      | Killed Terence
  2019 | D:2      | Reached skill level 4 in Fighting
  2019 | D:2      | Reached XP level 4. HP: 35/48 MP: 7/7
  2205 | D:2      | Noticed a phantom
  2407 | D:3      | Found a broken altar of Ashenzari.
  2938 | D:4      | Noticed an ogre
  2942 | D:3      | Noticed Jessica
  2960 | D:3      | Reached XP level 5. HP: 7/55 MP: 8/8
  2966 | D:3      | Killed Jessica
  3310 | D:2      | Killed a phantom
  3311 | D:2      | Reached skill level 5 in Fighting
  3311 | D:2      | Reached XP level 6. HP: 13/66 MP: 9/9
  3786 | D:2      | Killed Natasha
  5145 | D:3      | Found a runed translucent door.
  5146 | D:3      | Noticed zarzak's ghost (amateur DgFi)
  5888 | D:4      | Reached XP level 7. HP: 59/74 MP: 10/10
  5993 | D:4      | Reached skill level 6 in Fighting
  6775 | D:3      | Reached skill level 5 in Polearms
  7456 | D:5      | Entered Level 5 of the Dungeon
  7831 | D:5      | Reached skill level 7 in Fighting
  7831 | D:5      | Reached skill level 5 in Dodging
  7831 | D:5      | Reached XP level 8. HP: 24/87 MP: 11/11
  7838 | D:5      | HP: 4/87 [iguana (7)]
  7840 | D:5      | Slain by an iguana

Illustrated notes

Levels and vault maps discovered:
D:1:      lightli_arrival_flooded_house, layout_basic
D:2:      wander_river, layout_basic, ebering_ecumenical_altar_petrified,
          minmay_misc_feat_secret_circle, corexii_hall_statues_u,
          minmay_pentomino_o2, uniq_natasha, uniq_terence
D:3:      cheibrodos_fertilizer, layout_loops_corners,
          overflow_temple_1_default, ebering_ghost_inner_flame, uniq_jessica
D:4:      kennysheep_the_goblin_king, layout_loops_corners
D:5:      layout_basic, kennysheep_windowed_goal, uniq_crazy_yiuf_cottage,
          uniq_eustachio

Skill      XL: |  1  2  3  4  5  6  7 |
---------------+----------------------+-----
Fighting       | 3 4 5 7 |  7.1
Dodging        | 3 4 5 |  5.0
Polearms       | 3 4 5 |  5.3
Throwing       | |  1.0
Spellcasting   | |  2.4
Translocations | |  2.6

Action                   |  1- 3 |  4- 6 |  7- 9 || total
-------------------------+-------+-------+-------++-------
Melee: Spear             |   123 |    16 |       ||   139
       Whip              |    12 |   224 |    80 ||   316
       Falchion          |       |       |    50 ||    50
Throw: Boomerang         |     5 |       |       ||     5
       Dart              |       |     8 |     6 ||    14
  Use: Potion            |       |     5 |     2 ||     7
       Scroll            |       |     2 |     3 ||     5
 Stab: Sleeping          |       |     1 |       ||     1
Armor: Robe              |    41 |    39 |    38 ||   118
       Skin              |       |    53 |       ||    53
Dodge: Dodged            |    70 |    97 |    53 ||   220
       Rpst.: Falchion   |       |       |     5 ||     5

Table legend: (Time is in decaauts)
 A = Elapsed time spent in this place.
 B = Non-inter-level travel time spent in this place.
 C = Inter-level travel time spent in this place.
 D = Time resting spent in this place.
 E = Time spent auto-exploring this place.
 F = Levels seen in this place.
 G = Mean time per level.
                   A        B        C        D        E       F      G
               +--------+--------+--------+--------+--------+-----+--------+
         Total |   7898 |   7709 |    189 |   1778 |   4279 |   5 | 1579.6 |
       Dungeon |   7898 |   7709 |    189 |   1778 |   4279 |   5 | 1579.6 |
               +--------+--------+--------+--------+--------+-----+--------+

Top non-repeatable levels by time:
     D:4: 2227 daAuts
     D:3: 2011 daAuts
     D:2: 1917 daAuts
     D:1: 1351 daAuts
     D:5: 390 daAuts
